 Dungeon Crawl Stone Soup version 0.19.5 (console) character file.

158 Grinner the Cudgeler (level 5, -2/55 HPs)
             Began as an Ogre Gladiator on Mar 20, 2017.
             Slain by an orc (5 damage)
             ... on level 3 of the Dungeon.
             The game lasted 00:03:52 (2229 turns).

Grinner the Cudgeler (Ogre Gladiator)               Turns: 2229, Time: 00:03:52

Health: -2/55      AC:  5    Str: 21    XL:     5   Next: 39%
Magic:  5/5        EV: 10    Int: 12    God:
Gold:   159        SH:  0    Dex: 12    Spells: 0 memorised, 4 levels left

rFire  . . .     SeeInvis .     a - +0 flail
rCold  . . .     Gourm    .     b - +0 robe
rNeg   . . .     Faith    .     (no shield)
rPois  .         Spirit   .     c - +0 hat
rElec  .         Reflect  .     k - +1 cloak
rCorr  .         Harm     .     (gloves unavailable)
MR     +....                    (boots unavailable)
Stlth  +.........               (no amulet)
                                (no ring)
                                (no ring)

@: brilliant
A: unfitting armour, talons 1, agile 1, magic resistance 1, tough skin 1
a: no special abilities


You were on level 3 of the Dungeon.
You were very hungry.

You visited 1 branch of the dungeon, and saw 3 of its levels.

You collected 159 gold pieces.

Inventory:

Hand Weapons
 a - a +0 flail (weapon)
Missiles
 d - 3 throwing nets (quivered)
Armour
 b - a +0 robe (worn)
 c - a +0 hat (worn)
 k - a +1 cloak (worn)
Scrolls
 n - a scroll of teleportation {unknown}
 o - 2 scrolls of enchant armour {unknown}
 p - a scroll of remove curse
 r - a scroll of random uselessness {unknown}
 s - a scroll of recharging {unknown}
Potions
 e - 2 potions of brilliance
 g - 2 potions of flight
Comestibles
 f - 2 bread rations
 i - a meat ration
 m - a slice of pizza
 q - 2 fruits


   Skills:
 + Level 4.9 Fighting
 * Level 6.5 Maces & Flails
 - Level 2.0 Throwing
 - Level 2.6 Dodging


You had 4 spell levels left.
You didn't know any spells.

Dungeon Overview and Level Annotations

Branches:
Dungeon (3/15)

Altars:
Ashenzari
Nemelex Xobeh
Ru
Yredelemnul


Innate Abilities, Weirdness & Mutations

You are too large for most types of armour.
You have tough skin. (AC +1)
You have sharp toenails.
You are agile. (Dex +2)
You are resistant to hostile enchantments. (MR+)


Message History

You hit the orc wizard but do no damage.
Your kick misses the orc wizard.
The orc wizard is heavily wounded.
You float gracefully downwards.
The orc wizard closely misses you. The orc hits you but does no damage.
You closely miss the orc wizard.
You claw the orc wizard, but do no damage.
The orc wizard is heavily wounded.
The orc wizard casts a spell.
The orc wizard blinks!
The orc hits you with a flail!
* * * LOW HITPOINT WARNING * * *
The orc hits you but does no damage. The orc hits you but does no damage.
The orc barely misses you.
The orc wizard hits you but does no damage.
You sock the orc wizard!
The orc wizard is almost dead.
The orc wizard hits you with a dagger.
* * * LOW HITPOINT WARNING * * *
The orc barely misses you. The orc hits you.
You die...

##...######)).###...##.........†#
#### ####...###...##........###
#........#...##........#
#........#...##........#
#........######........# #
#........# #........# #
#........# #........# #
#........######........# #
#.......o@...........†.###
#........oo..............#
#.................#......#
#.................#......#
#.................#......#
#########.........#......#
#.........#......#
#.........#......#
#.........#......#


You could see an orc wizard and 2 orcs.

Vanquished Creatures
  An orc priest (D:3)
  7 adders
  2 worms (D:2)
  A dart slug (D:1)
  2 leopard geckos
  An orc (D:3)
  A ball python (D:2)
  5 bats (D:1)
  5 giant cockroaches
  12 goblins
  5 hobgoblins
  2 jackals (D:1)
  6 frilled lizards
  2 kobolds
  7 rats
59 creatures vanquished.

Notes
Turn   | Place    | Note
-------+----------+-------------------------------------------
     0 | D:1      | Grinner the Ogre Gladiator began the quest for the Orb.
     0 | D:1      | Reached XP level 1. HP: 22/22 MP: 1/1
   111 | D:1      | Reached XP level 2. HP: 22/29 MP: 2/2
   455 | D:1      | Reached skill level 5 in Maces & Flails
   507 | D:1      | Found a sparkling altar of Nemelex Xobeh.
   553 | D:1      | Reached XP level 3. HP: 37/37 MP: 3/3
   701 | D:2      | Found a sacrificial altar of Ru.
  1050 | D:2      | Reached XP level 4. HP: 47/48 MP: 4/4
  1202 | D:2      | Found a shattered altar of Ashenzari.
  1202 | D:2      | Found a basalt altar of Yredelemnul.
  1420 | D:2      | Reached skill level 6 in Maces & Flails
  1721 | D:3      | Reached XP level 5. HP: 29/55 MP: 5/5
  2212 | D:3      | Gained mutation: You have sharp toenails. [potion of mutation]
  2212 | D:3      | Gained mutation: You are resistant to hostile enchantments. (MR+) [potion of mutation]
  2212 | D:3      | Gained mutation: You are agile. (Dex +2) [potion of mutation]
  2229 | D:3      | Slain by an orc

Skill      XL: |  1  2  3  4 |
---------------+-------------+-----
Fighting       | 3 4 |  4.9
Maces & Flails | 5 6 |  6.5
Throwing       | |  2.0
Dodging        | |  2.6

Action                   |  1- 3 |  4- 6 || total
-------------------------+-------+-------++-------
Melee: Flail             |    96 |    92 ||   188
       Kick              |       |     2 ||     2
Throw: Throwing net      |     2 |       ||     2
  Use: Scroll            |       |     1 ||     1
       Potion            |       |     9 ||     9
 Stab: Sleeping          |       |     1 ||     1
  Eat: Chunk             |       |     3 ||     3
Armor: Robe              |    42 |    41 ||    83
Dodge: Dodged            |    65 |    56 ||   121
